 Dungeon Crawl Stone Soup version 0.13-a0-2606-g170388b (webtiles) character file.

610 Kae the Chiller (level 7, -24/37 HPs)
             Began as a Deep Elf Ice Elementalist on Aug 4, 2013.
             Was a Follower of Vehumet.
             Killed from afar by Kae's ghost (28 damage)
             ... with a shard of ice
             ... on Level 4 of the Dungeon.
             The game lasted 00:12:42 (5633 turns).

Kae the Chiller (Deep Elf Ice Elementalist)         Turns: 5633, Time: 00:12:42

HP -24/37        AC  5     Str  7      XL: 7   Next: 10%
MP  14/22        EV 12     Int 20      God: Vehumet [*.....]
Gold 46          SH  0     Dex 12      Spells:  4 memorised,  8 levels left

Res.Fire  : . . .   See Invis. : .   r - -2,-1 orc whip (curse)
Res.Cold  : . . .   Warding    : .   a - +1 elf robe
Life Prot.: . . .   Conserve   : .   (no shield)
Res.Poison: .       Res.Corr.  : .   (no helmet)
Res.Elec. : .       Clarity    : .   (no cloak)
Sust.Abil.: . .     Spirit.Shd : .   (no gloves)
Res.Mut.  : .       Stasis     : .   s - +0 pair of boots
Res.Rott. : .       Flight     : .   i - amulet of rage
Saprovore : . . .                    u - cursed ring of hunger
                                     g - cursed -3 ring of dexterity

@: drained, slightly resistant to hostile enchantments, fairly stealthy
A: claws 1, spit poison 1, AC +1
a: Spit Poison, Renounce Religion, Evoke Berserk Rage


You were on level 4 of the Dungeon.
You worshipped Vehumet.
Vehumet was pleased with you.
You were not hungry.

You visited 2 branches of the dungeon, and saw 6 of its levels.

You collected 119 gold pieces.
You spent 93 gold pieces at shops.

Inventory:

Hand weapons
 e - a +4,+0 whip
 r - a cursed -2,-1 orcish whip (weapon)
Missiles
 o - 62 darts (quivered)
Armour
 a - a +1 elven robe (worn)
 s - a +0 pair of boots (worn)
Magical devices
 t - a wand of draining (2)
Comestibles
 c - 2 bread rations
 l - a chunk of orc flesh
 x - a choko
Scrolls
 f - 6 scrolls of identify
 m - a scroll of remove curse {unknown}
 n - a scroll of magic mapping
 w - a scroll of fear {unknown}
 y - a scroll of recharging {unknown}
Jewellery
 g - a cursed -3 ring of dexterity (left claw)
 h - a cursed ring of teleportation {unknown}
 i - an amulet of rage (around neck)
 k - an uncursed ring of invisibility
 u - a cursed ring of hunger (right claw)
 v - a +3 ring of intelligence {unknown}
Potions
 d - a potion of speed {unknown}
 q - a potion of magic
Books
 b - a book of Frost

   Spells                             Type                      Level
   *Freeze                            Ice                          1
   *Throw Frost                       Conjuration/Ice              2
   Ozocubu's Armour                   Charms/Ice                   3
   *Throw Icicle                      Conjuration/Ice              4
   Summon Ice Beast                   Ice/Summoning                4
   Condensation Shield                Ice                          4
Miscellaneous
 p - a plain deck of war {the Portal}


   Skills:
 - Level 2.4(2.1) Dodging
 - Level 2.4(2.1) Stealth
 + Level 5.3(5.0) Spellcasting
 * Level 4.9(4.6) Conjurations
 + Level 6.0(5.7) Ice Magic


You had 8 spell levels left.
You knew the following spells:

 Your Spells              Type           Power        Failure   Level  Hunger
a - Freeze                Ice            ####         1%          1    None
b - Throw Frost           Conj/Ice       ####..       2%          2    None
c - Throw Icicle          Conj/Ice       ####....     17%         4    ####...
d - Sting                 Conj/Pois      ##..         4%          1    None


Dungeon Overview and Level Annotations

Branches:
Dungeon (5/27)             Temple (1/1) D:4

Altars:
Ashenzari
Cheibriados
Fedhas
Kikubaaqudgha
Makhleb
Nemelex Xobeh
Okawaru
Sif Muna
Trog
Vehumet
Xom
Yredelemnul
Zin
the Shining One

Shops:
D:4: *

Annotations
D:4 exclusion: zombie, Kae's ghost, average DEIE


Innate Abilities, Weirdness & Mutations

You have sharp fingernails.
You are partially covered in rugged brown scales (AC +1, +3% HP).
You can spit poison.


Message History

Confirm with . or Enter, or press ? or * to list all spells.
Aiming: Throw Icicle
Press: ? - help, Shift-Dir - straight line, f - Kae's ghost
Aim: Kae's ghost The shard of ice hits Kae's ghost.
Kae's ghost partially resists.
Kae's ghost is lightly damaged.
Kae's ghost gestures at you while chanting.
The puff of frost hits you!
* * * LOW HITPOINT WARNING * * *
Casting: Throw Icicle
Confirm with . or Enter, or press ? or * to list all spells.
Aiming: Throw Icicle
Press: ? - help, Shift-Dir - straight line, f/p - Kae's ghost
Aim: Kae's ghost (lightly damaged)
The shard of ice hits Kae's ghost.
Kae's ghost partially resists.
Kae's ghost is moderately damaged.
Kae's ghost points at you and mumbles some strange words.
The shard of ice hits you!
Ouch! That really hurt!
You die...

###.#......# ##
#..........# #.#.......##
####.########### # #...#
#.....# #.##[#.#
#.....#### #......#
#.....##.. ####.###
#.....##.# #@# #.....##.#
###p#########.####.#
#...........#.# #.#
#.#[##..###.#.## #.#
#.#.#...# #..#.# #..
#.#.....###p#.######
####.###............)..
###..[......##..####.####
.....####.###..####.#


You could see Kae's ghost.

Vanquished Creatures
  2 ogres (D:4)
  A crimson imp (D:5)
  A hound (D:5)
  A scorpion (D:5)
  2 orc wizards (D:3)
  Ijyb (D:5)
  An ogre skeleton (D:4)
  7 adders
  2 giant mites
  5 worms
  2 giant geckos
  An ooze (D:1)
  6 orcs
  2 ball pythons
  A bat skeleton (D:3)
  11 hobgoblins
  10 jackals
  13 kobolds
  3 quokkas
  13 bats
  3 giant cockroaches
  8 giant newts
  A giant newt skeleton (D:5)
  10 goblins
  12 rats
119 creatures vanquished.

Notes
Turn   | Place    | Note
--------------------------------------------------------------
     0 | D:1      | Kae, the Deep Elf Ice Elementalist, began the quest for the Orb.
     0 | D:1      | Reached XP level 1. HP: 10/10 MP: 4/4
   188 | D:1      | Reached XP level 2. HP: 4/15 MP: 5/7
   898 | D:1      | Reached skill level 4 in Ice Magic
  1011 | D:1      | Reached XP level 3. HP: 13/19 MP: 1/10
  1274 | D:2      | Found a shimmering altar of Xom.
  1566 | D:2      | Reached XP level 4. HP: 24/24 MP: 7/13
  1637 | D:2      | Reached skill level 5 in Ice Magic
  2261 | D:2      | Gained mutation: You have sharp fingernails. [potion of mutation]
  2261 | D:2      | Gained mutation: You are partially covered in rugged brown scales (AC +1, +3% HP). [potion of mutation]
  2261 | D:2      | Gained mutation: You can spit poison. [potion of mutation]
  2265 | D:2      | Learned a level 2 spell: Throw Frost
  2270 | D:2      | Learned a level 4 spell: Throw Icicle
  2428 | D:3      | Found a sparkling altar of Nemelex Xobeh.
  2744 | D:3      | Reached XP level 5. HP: 16/28 MP: 15/17
  3289 | D:3      | Paralysed by a potion of paralysis for 4 turns
  3861 | D:4      | Noticed an ogre
  3868 | D:4      | Killed an ogre
  3868 | D:4      | Reached XP level 6. HP: 32/32 MP: 10/19
  3992 | D:4      | Found a staircase to the Ecumenical Temple.
  4006 | Temple   | Entered the Ecumenical Temple
  4075 | Temple   | Became a worshipper of Vehumet
  4426 | D:4      | Found Mnuy's Assorted Antiques.
  4435 | D:4      | Bought a scroll labeled HIW LEFIAGH for 19 gold pieces
  4435 | D:4      | Bought a scroll labeled OVVITHYNWUO for 19 gold pieces
  4435 | D:4      | Bought an inky potion for 17 gold pieces
  4435 | D:4      | Bought a scroll of identify for 38 gold pieces
  4558 | D:4      | Reached skill level 5 in Spellcasting
  4618 | D:4      | Noticed Kae's ghost (average DEIE)
  4630 | D:5      | Entered Level 5 of the Dungeon
  4861 | D:5      | Reached XP level 7. HP: 19/37 MP: 11/22
  5241 | D:5      | Noticed Ijyb
  5250 | D:5      | Killed Ijyb
  5481 | D:5      | Found a glowing silver altar of Zin.
  5487 | D:5      | Reached skill level 6 in Ice Magic
  5551 | D:5      | Acquired Vehumet's first power
  5551 | D:5      | Offered knowledge of Sting by Vehumet.
  5554 | D:5      | Learned a level 1 spell: Sting
  5633 | D:4      | Killed from afar by Kae's ghost

Action                   |  1- 3 |  4- 6 |  7- 9 || total
-------------------------+-------+-------+-------++-------
Melee: Unarmed           |    11 |     3 |       ||    14
       Whip              |       |    31 |       ||    31
Throw: Dart              |       |     4 |       ||     4
 Cast: Freeze            |    58 |   106 |    17 ||   181
       Throw Frost       |       |    11 |     5 ||    16
       Throw Icicle      |       |       |     2 ||     2
  Use: Potion            |       |    10 |     1 ||    11
       Scroll            |       |     8 |       ||     8
 Stab: Sleeping          |     2 |       |       ||     2
       Distracted        |       |     1 |       ||     1
